Map: Deathaura LE

Players

A.I. 1 (Very Easy) - Winner!

  • Race: Protoss Protoss
  • Spawn Location: 11:00

Duke

  • Race: Terran Terran
  • League: Diamond
  • Spawn Location: 5:00

VOD

Have the link to the VOD?

Description

Time

  • Played on: Feb. 12, 2021, 2:08 p.m.
  • Length: 9:34
Show
View Real Time Build Order
Export as new Build Order

A.I. 1 (Very Easy) Protoss - Winner!

Build Orders:  

Get SALT Encoding   

  12  0:00  Probe  
  13  0:13  Probe  
  14  0:20  Pylon  
  14  0:36  Assimilator  
  14  0:43  Gateway  
  14  0:46  Pylon  
  14  1:14  Assimilator  
  14  1:15  Probe  
  14  1:24  Probe  
  15  1:32  Probe  
  16  1:34  Cybernetics Core  
  17  1:42  Probe  
  18  1:54  Probe  
  18  2:00  Warp Gate  
  19  2:02  Probe  
  20  2:13  Stalker  
  22  5:31  Probe  
  22  5:34  Zealot  
  25  5:36  Pylon  
  25  5:38  Robotics Facility  
  25  5:39  Probe  
  25  5:47  Probe  
  26  5:55  Probe  
  27  6:03  Probe  
  27  6:04  Pylon  
  27  6:13  Probe  
  28  6:27  Zealot  
  28  6:29  Observer  
  31  6:50  Observer  
  32  7:03  Nexus  
  32  7:20  Stalker  
  34  8:13  Probe  
  35  8:21  Probe  
  35  8:22  Assimilator  
  35  8:25  Assimilator  
  35  8:26  Probe  
  36  8:33  Probe  
  38  8:44  Probe  
  39  8:51  Probe  
  40  8:58  Probe  
  41  9:05  Probe  
  42  9:10  Probe  
  43  9:20  Probe  
Show
View Real Time Build Order
Export as new Build Order

Duke Terran 

Build Orders:  

Get SALT Encoding   

  12  0:00  SCV  
  13  0:12  SCV  
  14  0:17  Supply Depot  
  14  0:24  SCV  
  15  0:39  SCV, Barracks  
  16  0:44  Refinery  
  16  0:51  SCV  
  17  1:03  SCV  
  18  1:15  SCV  
  19  1:26  Marine  
  19  1:27  Orbital Command  
  20  1:38  Command Center  
  20  1:44  Refinery  
  20  1:47  Marine  
  20  1:52  SCV  
  22  1:59  Supply Depot  
  22  2:04  SCV  
  22  2:05  Barracks Reactor  
  23  2:16  Factory  
  23  2:21  SCV  
  24  2:33  SCV  
  25  2:41  Marine x2  
  27  2:45  SCV  
  27  2:50  Orbital Command  
  27  2:51  Refinery  
  28  2:52  Refinery  
  28  2:58  SCV  
  29  2:59  Marine x2  
  29  3:00  Factory Tech Lab  
  31  3:09  Starport  
  31  3:10  SCV  
  32  3:16  SCV  
  36  3:20  Siege Tank  
  36  3:22  Marine  
  36  3:25  SCV  
  38  3:28  SCV  
  38  3:31  Supply Depot  
  39  3:36  Marine  
  39  3:37  SCV  
  39  3:40  Marine  
  42  3:42  SCV  
  42  3:45  Starport Tech Lab  
  43  3:49  SCV  
  43  3:53  Siege Tank  
  43  3:54  Supply Depot  
  47  3:55  Marine  
  47  3:58  Marine  
  47  4:01  SCV  
  50  4:03  SCV  
  50  4:04  Raven  
  53  4:10  Supply Depot  
  53  4:13  Marine  
  53  4:16  Marine  
  55  4:17  Supply Depot  
  55  4:18  SCV x2  
  57  4:25  Siege Tank  
  57  4:30  SCV  
  57  4:31  SCV  
  62  4:32  Marine  
  62  4:34  Marine  
  62  4:36  Supply Depot  
  64  4:43  SCV x2  
  66  4:47  Raven  
  66  4:50  Marine  
  66  4:51  Marine  
  70  4:55  SCV x2  
  70  4:58  Cyclone  
  75  5:04  Command Center  
  75  5:08  Marine  
  75  5:09  Supply Depot, Marine  
  77  5:16  SCV  
  77  5:17  SCV  
  77  5:21  Barracks  
  79  5:29  SCV x2  
  79  5:30  Siege Tank  
  84  5:36  Supply Depot  
  84  5:38  Stimpack, Marine  
  84  5:41  SCV x2  
  84  5:42  Viking  
  89  5:43  Viking  
  91  5:53  SCV x2  
  91  5:56  Barracks, Marine  
  94  6:02  Siege Tank  
  97  6:05  SCV x2  
  97  6:07  Supply Depot  
  99  6:12  Viking  
  99  6:15  Viking, Marine  
  99  6:16  Barracks Reactor  
  104  6:18  Orbital Command  
  104  6:20  SCV x2  
  106  6:32  SCV x2, Refinery  
  108  6:33  Marine  
  108  6:34  Siege Tank  
  108  6:37  Supply Depot, Refinery  
  112  6:41  Supply Depot  
  112  6:42  Viking  
  112  6:45  Viking  
  112  6:46  Barracks Reactor  
  116  6:48  SCV x2  
  116  6:49  SCV  
  116  6:51  Marine  
  116  6:52  Marine x2  
  122  7:00  SCV x2, Supply Depot  
  122  7:01  SCV  
  125  7:06  Siege Tank  
  125  7:08  Engineering Bay  
  128  7:10  Engineering Bay, Marine x2  
  128  7:14  Medivac  
  128  7:15  Medivac  
  134  7:17  Combat Shield  
  134  7:19  Marine  
  134  7:20  SCV x3  
  134  7:22  Marine x2  
  139  7:24  Supply Depot  
  139  7:26  Supply Depot  
  139  7:28  Marine  
  139  7:29  Marine  
  142  7:32  SCV x3  
  142  7:34  Terran Infantry Weapons Level 1  
  142  7:36  Terran Infantry Armor Level 1  
  142  7:37  Marine  
  145  7:42  Marine x2  
  145  7:44  Supply Depot  
  148  7:45  Medivac x2  
  148  7:48  Marine x2  
  154  7:51  Siege Tank  
  154  7:53  SCV x3  
  154  7:55  Marine  
  161  7:59  Supply Depot  
  161  8:01  Supply Depot, Marine x2  
  163  8:06  Marine x2  
  163  8:09  Command Center  
  165  8:15  Marine, Medivac x2  
  165  8:19  Marine  
  170  8:20  Marine  
  170  8:22  Armory  
  170  8:24  Siege Tank  
  175  8:27  Supply Depot, Marine x2  
  175  8:30  Supply Depot  
  175  8:33  Marine  
  178  8:37  Marine x2  
  180  8:45  Marine x2, Medivac x2  
  186  8:49  SCV x3, Refinery  
  186  8:53  Marine  
  186  8:55  Marine x2  
  190  8:56  Refinery, Siege Tank  
  195  9:03  SCV x3, Marine x2  
  195  9:04  Barracks  
  195  9:05  Barracks  
  195  9:08  Supply Depot  
  200  9:20  Factory  
  200  9:23  Starport  
Tags
 
League
Diamond
Matchup
PvT
Spawn Locations
Cross Positions
Add a new tag
Caveats
  • Supply blocks, unpowered buildings, or Contaminate may cause inaccurate times.
  • Supply counts are checked every 10 seconds.